 Dungeon Crawl Stone Soup version 0.29.1-1-gd02db6906a (webtiles) character file.

Game seed: 10230772429289058806

1465 Linkola the Magician (level 8, 0/41 HPs)
             Began as a Deep Elf Conjurer on Sept 30, 2022.
             Was a Believer of Vehumet.
             Slain by a yak (7 damage)
             ... on level 6 of the Dungeon.
             The game lasted 00:32:36 (4933 turns).

Linkola the Magician (Deep Elf Conjurer)            Turns: 4933, Time: 00:32:37

Health: 0/41       AC:  3    Str:  9    XL:     8   Next: 48%
Magic:  27/30      EV: 13    Int: 36    God:    Vehumet [**....]
Gold:   375        SH:  0    Dex: 13    Spells: 8/22 levels left

rFire   . . .      SeeInvis .   m - +10 quarterstaff of Duty {vorpal, Str+5 Int+4}
rCold   . . .      Faith    .   (shield currently unavailable)
rNeg    . . .      Spirit   .   a - +0 robe
rPois   .          Reflect  .   (no helmet)
rElec   +          Harm     .   s - +0 cloak "Ogukyq" {rElec}
rCorr   .          Rampage  .   (no gloves)
Will    .....                   (no boots)
Stlth   ++........              c - amulet of magic regeneration
HPRegen 0.13/turn               o - ring of magical power
MPRegen 0.62/turn               p - +6 ring of intelligence

@: no status effects
A: no striking features
a: Renounce Religion


You were on level 6 of the Dungeon.
You worshipped Vehumet.
Vehumet was pleased with you.
You visited 1 branch of the dungeon, and saw 6 of its levels.

You collected 375 gold pieces.

Inventory:

Hand Weapons
 m - the +10 quarterstaff of Duty (weapon) {vorpal, Str+5 Int+4}
   (You found it on level 5 of the Dungeon)

   It inflicts extra damage upon your enemies.
   Str:       It affects your strength (+5).
   Int:       It affects your intelligence (+4).
Armour
 a - a +0 robe (worn)
 s - the +0 cloak "Ogukyq" (worn) {rElec}
   (You found it on level 3 of the Dungeon)

   rElec:     It insulates you from electricity.
Jewellery
 c - an amulet of magic regeneration (around neck)
 o - a ring of magical power (left hand)
 p - a +6 ring of intelligence (right hand)
Wands
 l - a wand of charming (5)
Scrolls
 f - a scroll of enchant armour {unknown}
 g - 2 scrolls of blinking
 i - 4 scrolls of teleportation
 j - 2 scrolls of butterflies {unknown}
 q - a scroll of magic mapping {unknown}
 r - a scroll of amnesia {unknown}
 t - 2 scrolls of poison
Potions
 b - a potion of magic
 d - 3 potions of heal wounds
 e - 2 potions of curing
 h - a potion of invisibility
 k - a potion of might
 n - a potion of attraction {unknown}
 u - 4 potions of flight


   Skills:
 + Level 3.4 Dodging
 + Level 3.6 Stealth
 + Level 7.9 Spellcasting
 + Level 7.8 Conjurations
 + Level 1.5 Hexes
 + Level 1.4 Summonings
 + Level 3.8 Ice Magic
 + Level 3.3 Air Magic
 + Level 1.9 Evocations


You had 8 spell levels left.
You knew the following spells:

 Your Spells              Type           Power      Damage    Failure   Level
a - Magic Dart            Conj           100%       1d8       1%          1
b - Searing Ray           Conj           100%       2d8       1%          2
c - Dazzling Flash        Conj/Hex       94%        N/A       1%          3
d - Shock                 Conj/Air       100%       1d9       1%          1
e - Frozen Ramparts       Ice            82%        1d13      1%          3
f - Flame Wave            Conj/Fire      42%        2d11      6%          4

Your spell library contained the following spells:

 Spells                   Type           Power      Damage    Failure   Level
 Scorch                   Fire           28%        2d6       4%          2
 Ensorcelled Hibernation  Hex/Ice        66%        N/A       1%          2
 Swiftness                Air            38%        N/A       2%          3
 Fulminant Prism          Conj/Hex       23%        3d13      4%          4
 Inner Flame              Hex/Fire       19%        N/A       6%          3
 Iskenderun's Mystic Bla  Conj/Tloc      42%        2d10      6%          4
 Airstrike                Air            19%        2d(3-19)  7%          4
 Summon Ice Beast         Ice/Summ       33%        N/A       10%         4
 Ice Form                 Ice/Tmut       28%        N/A       13%         4
 Starburst                Conj/Fire      21%        6d7       65%         6


Dungeon Overview and Level Annotations

Branches:
Dungeon (6/15)
 Temple: D:4-7

Altars:
Ashenzari
Cheibriados
Dithmenos
Fedhas
Sif Muna
Uskayaw
Vehumet
Xom

Shops:
D:1 =!:   D:3 (


Message History

This spell is quite dangerous to cast!
Memorise Flame Wave, consuming 4 spell levels and leaving 8?
You start memorising the spell.
You continue memorising. x3
The yak bellows!
You continue memorising.
You finish memorising.
Spell assigned to 'f'.
Casting: Shock (safe; 1% risk of failure)
Confirm with . or Enter, or press ? or * to list all spells.
Aiming: Shock (safe; 1% risk of failure)
Press: ? - help, Shift-Dir - straight line, f - yak
Aim: a yak (84% to hit)
The zap hits the yak.
The yak is lightly wounded.
The zap hits the yak.
The yak is lightly wounded.
Casting: Shock (safe; 1% risk of failure)
Confirm with . or Enter, or press ? or * to list all spells.
Aiming: Searing Ray (safe; 1% risk of failure)
Press: ? - help, Shift-Dir - straight line, f/p - yak
Aim: a yak (lightly wounded, 90% to hit)
The searing ray hits the yak.
The yak is lightly wounded.
The searing ray hits the yak!
The yak is moderately wounded. (Press . to maintain the ray.)
A yak comes into view.
The searing ray hits the yak.
The yak is moderately wounded.
The searing ray hits the yak!
The yak is heavily wounded.
The yak gores you!
The searing ray hits the yak.
The yak is severely wounded.
The yak gores you! x2
* * * LOW HITPOINT WARNING * * *
The searing ray hits the yak.
The yak is almost dead.
You finish channelling your searing ray.
The yak gores you!
You die...

#. ?. #. .. ######. .#
......$ .# ## .......
.###... ....... .......
..Y...Y#..##.#.
......Y@.......
.#.####......#. #.## #
##........ .......
#.......#. #..#..
#.......# ...#.#
#.#....... #..#.##
#.#..##.## #......
#.####.#..##.#####....#
#.........##.....=....#


You could see 3 yaks.

Vanquished Creatures
  A water moccasin (D:5)
  A black bear (D:6)
  An ice beast (D:5)
  An ogre (D:5)
  A kobold brigand (D:5)
  2 scorpions
  A howler monkey (D:5)
  A jelly (D:3)
  2 hounds (D:5)
  4 orc priests (D:5)
  A gnoll bouda (D:5)
  Natasha (thrice) (D:2)
  An orc wizard (D:5)
  20 gnolls (D:5)
  10 adders
  A shadow imp (D:6)
  A white imp (D:5)
  4 dart slugs
  23 orcs (D:5)
  5 bats
  5 endoplasms
  2 giant cockroaches
  6 goblins
  6 hobgoblins
  4 iguanas
  23 jackals
  9 kobolds
  3 quokkas (D:1)
  5 ball pythons
  A frilled lizard (D:1)
  6 rats
154 creatures vanquished.

Vanquished Creatures (others)
  A fungus (D:5)
  A plant (D:5)
2 creatures vanquished.

Grand Total: 156 creatures vanquished

Notes
Turn   | Place    | Note
-------+----------+-------------------------------------------
     0 | D:1      | Linkola the Deep Elf Conjurer began the quest for the Orb.
     0 | D:1      | Reached XP level 1. HP: 10/10 MP: 6/6
    72 | D:1      | Found Qusa's Jewellery Emporium.
   225 | D:1      | Reached XP level 2. HP: 15/15 MP: 6/8
   228 | D:1      | Learned a level 2 spell: Searing Ray
   236 | D:1      | Found Wiro Ikh's Book Shoppe.
   270 | D:1      | Found a faded altar of an unknown god.
   325 | D:1      | Found Cyqicsuc's Distillery.
   409 | D:1      | Reached skill level 5 in Conjurations
   535 | D:1      | Reached XP level 3. HP: 19/19 MP: 4/9
   539 | D:1      | Learned a level 3 spell: Dazzling Flash
   805 | D:2      | Noticed Natasha
   808 | D:2      | Killed Natasha
   809 | D:2      | Reached XP level 4. HP: 24/24 MP: 9/11
  1099 | D:2      | Noticed Natasha
  1105 | D:2      | Killed Natasha
  1227 | D:2      | Noticed Natasha
  1235 | D:2      | Killed Natasha
  1236 | D:2      | Reached XP level 5. HP: 21/28 MP: 10/13
  1638 | D:3      | Reached skill level 1 in Evocations
  1648 | D:3      | Found Raerayj's Antique Weapon Emporium.
  1875 | D:3      | Reached skill level 1 in Hexes
  2275 | D:3      | Identified the +0 cloak "Ogukyq" {rElec}
  2309 | D:3      | Found a shimmering altar of Xom.
  2447 | D:3      | Found a shadowy altar of Dithmenos.
  2450 | D:3      | Found a blossoming altar of Fedhas.
  2451 | D:3      | Found a shimmering blue altar of Sif Muna.
  2452 | D:3      | Found a radiant altar of Vehumet.
  2456 | D:3      | Became a worshipper of Vehumet
  2537 | D:4      | Noticed a +0 hand axe
  2539 | D:4      | Noticed a +0 dagger
  2540 | D:4      | Found a hide-covered altar of Uskayaw.
  2712 | D:4      | Reached XP level 6. HP: 32/32 MP: 11/15
  2714 | D:4      | Learned a level 1 spell: Shock
  2726 | D:4      | Reached skill level 5 in Spellcasting
  3033 | D:4      | Learned a level 3 spell: Frozen Ramparts
  3164 | D:4      | Found a broken altar of Ashenzari.
  3271 | D:5      | Entered Level 5 of the Dungeon
  3295 | D:5      | Noticed an ice beast
  3299 | D:5      | Killed an ice beast
  3309 | D:5      | Reached skill level 1 in Ice Magic
  3440 | D:5      | Reached skill level 1 in Air Magic
  3440 | D:5      | Reached XP level 7. HP: 36/36 MP: 13/17
  3904 | D:5      | Reached * piety under Vehumet
  3904 | D:5      | Offered knowledge of Sandblast by Vehumet.
  4008 | D:5      | Found a snail-covered altar of Cheibriados.
  4199 | D:5      | Reached XP level 8. HP: 34/41 MP: 17/20
  4233 | D:5      | Identified the +10 quarterstaff of Duty {vorpal, Str+5
                  | Int+4}
  4308 | D:5      | Reached ** piety under Vehumet
  4433 | D:5      | Offered knowledge of Poisonous Vapours by Vehumet.
  4605 | D:5      | Reached skill level 1 in Summonings
  4921 | D:6      | Offered knowledge of Scorch by Vehumet.
  4923 | D:6      | Got the Folio of Flames and Firn
  4929 | D:6      | Learned a level 4 spell: Flame Wave
  4933 | D:6      | Slain by a yak

Illustrated notes

Levels and vault maps discovered:
D:1:      doesnt_arrival_eight_statues, layout_loops_ring,
          dilly_ecumenical_altar_fadedgnrine, serial_shops,
          nicolae_lakefront_shop, nicolae_diamond_shop,
          nicolae_shop_advertising_works [nicolae_subvault_shop_adworks],
          chequers_decorated_corner
D:2:      layout_loops_ring, moated_statue, mrwooster_statue_mirror,
          uniq_natasha
D:3:      layout_basic, dk_xom_monty_hall, minitemple, serial_shops,
          nicolae_shop_statue_plus
D:4:      layout_loops_ring, dancing_weapons_uskayaw, general_overflow_altar
D:5:      lemuel_castle_with_subvaults [lemuel_castle_interior_carwin_3],
          layout_basic, mainiacjoe_overflow_boulevard
D:6:      layout_basic

Skill      XL: |  1  2  3  4  5  6  7  8 |
---------------+-------------------------+-----
Conjurations   | 5 6 7 |  7.8
Dodging        | 3 |  3.4
Spellcasting   | 4 5 7 |  7.9
Stealth        | 3 |  3.6
Evocations     | 1 |  1.9
Hexes          | 1 |  1.5
Ice Magic      | 1 2 3 |  3.8
Air Magic      | 1 2 3 |  3.3
Summonings     | 1 |  1.4

Action                   |  1- 3 |  4- 6 |  7- 9 || total
-------------------------+-------+-------+-------++-------
Melee: Quarterstaff      |       |       |     1 ||     1
 Cast: Magic Dart        |    43 |   112 |     1 ||   156
       Searing Ray       |     3 |     2 |     3 ||     8
       Dazzling Flash    |     1 |       |       ||     1
       Shock             |       |    33 |   148 ||   181
       Frozen Ramparts   |       |     1 |     2 ||     3
  Use: Scroll            |     4 |     7 |       ||    11
Armor: Robe              |       |    12 |     5 ||    17
Dodge: Dodged            |    13 |    21 |    17 ||    51
